 Dungeon Crawl Stone Soup version 0.19-a0-1861-g35def1e (webtiles) character file.

552 Alarkh the Caller (level 7, 46/46 HPs)
             Began as a Mummy Summoner on Oct 12, 2016.
             Quit the game in a sewer.
             The game lasted 00:10:50 (5837 turns).

Alarkh the Caller (Mummy Summoner)                  Turns: 5837, Time: 00:10:51

Health: 46/46      AC:  4    Str: 11    XL:     7   Next: 8%
Magic:  13/13      EV: 12    Int: 16    God:
Gold:   193        SH:  0    Dex: 13    Spells: 4 memorised, 4 levels left

rFire  x . .     SeeInvis .     a - +0 trident
rCold  + . .     Gourm    .     p - +0 robe
rNeg   + + +     Faith    .     (no shield)
rPois  ∞         Spirit   .     t - +1 helmet
rElec  .         Dismiss  .     (no cloak)
rCorr  .         Reflect  .     (no gloves)
MR     +....     Harm     .     (no boots)
Stlth  ++........               (no amulet)
                                s - ring of stealth
                                k - ring of protection from magic

@: no status effects
A: no food or potions, fire vulnerability, cold resistance 1, negative energy
resistance 3, torment resistance, unbreathing
a: no special abilities


You were in a sewer.
You were not hungry.

You visited 1 branch of the dungeon, and saw 5 of its levels.
You also visited: Sewer.

You collected 193 gold pieces.

Inventory:

Hand Weapons
 a - a +0 trident (weapon)
 c - a +0 spear
Missiles
 g - a throwing net (quivered)
Armour
 p - a +0 robe (worn)
 t - a +1 helmet (worn)
Jewellery
 k - a ring of protection from magic (left hand)
 r - an uncursed amulet of dismissal
 s - a ring of stealth (right hand)
Wands
 m - a wand of lightning (1/15)
Scrolls
 d - a scroll of magic mapping
 e - a scroll of identify
 f - a scroll of fog {unknown}
 h - 4 scrolls of recharging
 i - 2 scrolls of remove curse {unknown}
 j - 2 scrolls of immolation {unknown}
 l - 2 scrolls of enchant weapon {unknown}
 n - a scroll of random uselessness {unknown}
 q - a scroll of noise {unknown}
 u - a scroll of enchant armour {unknown}
 v - a scroll of fear {unknown}
Books
 b - a book of Callings

   Spells                             Type                      Level
   a - Summon Small Mammal            Summoning                    1
   b - Call Imp                       Summoning                    2
   c - Call Canine Familiar           Summoning                    3
   d - Summon Guardian Golem          Hexes/Summoning              3
   e - Summon Lightning Spire         Summoning/Air                4
   f - Summon Ice Beast               Ice/Summoning                4


   Skills:
 + Level 3.3 Polearms
 - Level 1.5 Dodging
 - Level 1.5 Stealth
 + Level 4.3 Spellcasting
 + Level 4.9 Summonings


You had 4 spell levels left.
You knew the following spells:

 Your Spells              Type           Power        Failure   Level  Hunger
a - Call Canine Familiar  Summ           ###.....     8%          3    N/A
c - Summon Small Mammal   Summ           ###.         1%          1    N/A
d - Summon Ice Beast      Ice/Summ       ##......     63%         4    N/A
e - Call Imp              Summ           ###.....     3%          2    N/A

Dungeon Overview and Level Annotations

Branches:
Dungeon (5/15)
 Temple: D:4-7

Altars:
Dithmenos
Gozag
Makhleb
Trog
Uskayaw
Yredelemnul
Zin
The Shining One

Annotations:
D:2 1 runed door, Sigmund


Innate Abilities, Weirdness & Mutations

You do not eat or drink.
Your flesh is vulnerable to fire.
You are immune to poison.
Your flesh is cold resistant. (rC+)
You are immune to negative energy. (rN+++)
You are immune to unholy pain and torment.
You can survive without breathing.


Message History

Partly explored, can't reach some places.
Partly explored, can't reach some places.
Partly explored, can't reach some places.
As you read the scroll labeled VAEX OGEUWKOFU, it crumbles to dust.
You feel strangely unstable.
It was a scroll of teleportation.
Your surroundings seem slightly different.
Search for what [? for help]? .
As you read the scroll of teleportation, it crumbles to dust.
You feel strangely unstable.
Your surroundings seem slightly different.
As you read the scroll of teleportation, it crumbles to dust.
You feel strangely unstable.
Your surroundings suddenly seem different.
As you read the scroll of teleportation, it crumbles to dust.
You feel strangely unstable.
Your surroundings suddenly seem different.
Splash!
You fall into the shallow water.
Moving in this stuff is going to be slow.
Are you sure you want to abandon this character and quit the game? (Confirm with "yes".)

##### ##≈## ##≈##
#≈# #≈# #≈# #≈#
##≈## ##≈##
##..≈## ##..≈##
#.....#####...≈.#
#....≈(≈)≈≈≈..≈.#
#.....#####..≈.≈#
##@≈≈## ##..≈##
##### #####


There were no monsters in sight!

Vanquished Creatures
  A phantom (D:5)
  An orc priest (D:4)
  2 adders (D:2)
  2 river rats (Sewer)
  A worm (D:2)
  3 dart slugs
  2 leopard geckos
  5 orcs
  4 ball pythons
  4 giant cockroaches
  A gnoll zombie (D:5)
  8 goblins
  2 hobgoblins (D:4)
  7 bats
  2 frilled lizards
  10 kobolds
  9 rats
64 creatures vanquished.

Vanquished Creatures (collateral kills)
  A big kobold (Sewer)
  2 bullfrogs
  A scorpion (D:4)
  A howler monkey (D:4)
  A bullfrog zombie (D:5)
  3 orc wizards
  Ijyb (D:2)
  A worker ant (D:4)
  A gnoll (D:2)
  3 adders
  A river rat (Sewer)
  An ooze (Sewer)
  A worm (D:3)
  A dart slug (D:2)
  3 leopard geckos
  15 orcs
  A bat (D:2)
  2 giant cockroaches (D:5)
  A gnoll zombie (D:5)
  3 goblins (D:3)
  3 hobgoblins
  2 quokkas (D:2)
  3 ball pythons
  2 frilled lizards
  3 kobolds
  2 rats
59 creatures vanquished.

Grand Total: 123 creatures vanquished

Notes
Turn   | Place    | Note
-------+----------+-------------------------------------------
     0 | D:1      | Alarkh the Mummy Summoner began the quest for the Orb.
     0 | D:1      | Reached XP level 1. HP: 13/13 MP: 3/3
   284 | D:1      | Reached XP level 2. HP: 15/19 MP: 3/5
   520 | D:1      | Reached skill level 1 in Polearms
   824 | D:2      | Noticed Sigmund
   829 | D:2      | Learned a level 2 spell: Call Imp
   853 | D:2      | Noticed Ijyb
   887 | D:2      | Killed Ijyb
   887 | D:2      | Reached XP level 3. HP: 15/24 MP: 4/6
  1429 | D:2      | Found a runed door.
  1894 | D:2      | Reached XP level 4. HP: 16/30 MP: 5/8
  2020 | D:2      | Found a bloodstained altar of Trog.
  2344 | D:3      | Learned a level 3 spell: Call Canine Familiar
  3214 | D:4      | Found a glowing golden altar of the Shining One.
  3218 | D:4      | Found a glowing silver altar of Zin.
  3218 | D:4      | Found a shadowy altar of Dithmenos.
  3226 | D:4      | Found a hide-covered altar of Uskayaw.
  3226 | D:4      | Found an opulent altar of Gozag.
  3377 | D:4      | Reached XP level 5. HP: 11/35 MP: 4/9
  3617 | D:3      | Learned a level 4 spell: Summon Ice Beast
  3966 | D:4      | Noticed a phantom
  4131 | D:3      | Reached XP level 6. HP: 4/41 MP: 4/11
  4949 | D:5      | Entered Level 5 of the Dungeon
  5288 | D:5      | Found a basalt altar of Yredelemnul.
  5403 | D:5      | Found a burning altar of Makhleb.
  5521 | D:5      | Found a glowing drain.
  5538 | Sewer    | Entered a sewer
  5706 | Sewer    | Reached XP level 7. HP: 31/46 MP: 10/13
  5837 | Sewer    | Quit the game

Vault maps used:
D:1:      dpeg_arrival_simpleton_b
D:2:      kennysheep_six_static_rooms, lemuel_crystal_altar, uniq_iyjb,
          uniq_crazy_yiuf_cottage, uniq_sigmund
D:3:      kennysheep_the_goblin_king, minmay_misc_feat_tower
D:4:      corexii_shack_village, minmay_overflow_temple_star_hex
D:5:      lemuel_zombie_altar_yredelemnul, overflow_temple_1_default,
          gup_sewer_entry_glass, first_bread
Sewer:    sewer_co_15_rooms

Skill      XL: |  1  2  3  4  5  6 |
---------------+-------------------+-----
Polearms       | 1 2 3 |  3.3
Spellcasting   | 3 4 |  4.3
Summonings     | 4 |  4.9
Dodging        | |  1.5
Stealth        | |  1.5

Action                   |  1- 3 |  4- 6 |  7- 9 || total
-------------------------+-------+-------+-------++-------
Melee: Spear             |   138 |   114 |       ||   252
       Trident           |       |   124 |     5 ||   129
 Cast: Summon Small Mamm |    38 |    15 |       ||    53
       Call Canine Famil |       |    41 |     1 ||    42
       Call Imp          |       |     5 |       ||     5
  Use: Scroll            |     1 |     2 |     4 ||     7
 Stab: Distracted        |     2 |     1 |       ||     3
       Sleeping          |     1 |     4 |     1 ||     6
Armor: Robe              |    26 |    25 |       ||    51
Dodge: Dodged            |    75 |   120 |     1 ||   196
